 Seeded DCSS version 0.30.0-30-g96aa6591b8 (webtiles) character file.

Game seed: 1900718314312204660 (custom seed)

42 CInkIbrahim the Slasher (level 3, 27/27 HPs)
             Began as a Demonspawn Gladiator on June 30, 2023.
             Quit the game on level 2 of the Dungeon.
             The game lasted 00:01:19 (1161 turns).

CInkIbrahim the Slasher (Demonspawn Gladiator)      Turns: 1161, Time: 00:01:20

Health: 27/27      AC:  4    Str: 14    XL:     3   Next: 33%
Magic:  3/3        EV: 14    Int:  9    God:
Gold:   66         SH:  4    Dex: 16    Spells: 2/2 levels left

rFire   . . .        a - +0 long sword
rCold   . . .        (no shield)
rNeg    . . .        b - +0 leather armour
rPois   .            c - +0 helmet
rElec   .            (no cloak)
rCorr   .            (no gloves)
SInv    .            (no boots)
Will    .....        (no amulet)
Stlth   +            (no ring)
HPRegen 0.24/turn    (no ring)
MPRegen 0.08/turn

%: no passive effects
@: no status effects
A: repulsion field 1, condensation shield
a: no special abilities


You were on level 2 of the Dungeon.
You visited 1 branch of the dungeon, and saw 2 of its levels.

You collected 66 gold pieces.

Inventory:

Hand Weapons
 a - a +0 long sword (weapon)
Missiles
 d - 3 throwing nets (quivered)
 e - a javelin
Armour
 b - a +0 leather armour (worn)
 c - a +0 helmet (worn)
Scrolls
 f - a scroll of blinking {unknown}
 h - a scroll of magic mapping {unknown}
 i - a scroll of fog {unknown}
 j - a scroll of fear
Potions
 g - a potion of ambrosia {unknown}
 k - a potion of heal wounds {unknown}


   Skills:
 - Level 2.0 Fighting
 + Level 4.0 Long Blades
 - Level 1.7 Throwing
 - Level 2.6 Dodging


You had 2 spell levels left.
You didn't know any spells.
Your spell library was empty.

Dungeon Overview and Level Annotations

Branches:
Dungeon (2/15)

Altars:

Shops:
D:2 ([


Innate Abilities, Weirdness & Mutations

You are surrounded by a mild repulsion field. (EV +2)
A meltable shield of frost defends you. (SH +4)


Message History

You hit the goblin.
The goblin is severely wounded.
You block the goblin's attack. The goblin hits you but does no damage.
You slash the goblin!
You kill the goblin!
The bat closely misses you.
You see here a +0 club.
You closely miss the bat. The bat closely misses you.
The bat barely misses you. The bat hits you but does no damage.
You hit the bat.
You kill the bat!
A frilled lizard comes into view.
You are too injured to fight recklessly!
You start resting.
A frilled lizard is nearby!
The frilled lizard hisses angrily.
You start resting.
A frilled lizard is nearby!
A frilled lizard is nearby!
You closely miss the frilled lizard. The frilled lizard closely misses you.
You slash the frilled lizard!
You kill the frilled lizard!
No target in view!
No target in view!
HP restored.
You now have 66 gold pieces (gained 12).
k - a fizzy white potion No target in view!
A kobold comes into view. It is wielding a +0 whip.
Found Jopon's Antique Weapon Emporium.
The kobold shouts!
A kobold is nearby!
The kobold hits you with a +0 whip.
A kobold is nearby!
You hit the kobold.
You kill the kobold!
Things that are here:
a +0 whip; a kobold corpse
There is an entrance to Jopon's Antique Weapon Emporium here.
Are you sure you want to abandon this character and quit the game? (Confirm with "yes".)

###### #### .....
#...#...# #
#..#.#..#.##
#####.#...#..... #
#....#..@..#
#)#.....#...#.....
#.#......#.#...##.
#......)..#....# #.
#.###....#####....#
#. ...........# .##.#
#.#### #.##......## .
... #.....
.###.........########
## #.....
....................
######.....


There were no monsters in sight!

Vanquished Creatures
  An adder (D:2)
  3 dart slugs
  3 bats
  4 endoplasms (D:1)
  A giant cockroach (D:1)
  2 goblins
  A hobgoblin (D:1)
  2 quokkas (D:1)
  A ball python (D:1)
  A frilled lizard (D:2)
  3 kobolds
  3 rats (D:1)
25 creatures vanquished.

Notes
Turn   | Place    | Note
-------+----------+-------------------------------------------
     0 | D:1      | CInkIbrahim the Demonspawn Gladiator began the quest for
                  | the Orb.
     0 | D:1      | Reached XP level 1. HP: 16/16 MP: 1/1
    58 | D:1      | Reached skill level 3 in Long Blades
    90 | D:1      | Gained mutation: You are surrounded by a mild repulsion
                  | field. (EV +2) [demonic ancestry]
    90 | D:1      | Reached XP level 2. HP: 17/22 MP: 2/2
   202 | D:1      | Found a faded altar of an unknown god.
   992 | D:2      | Found Hawot's Antique Armour Emporium.
  1050 | D:2      | Reached skill level 4 in Long Blades
  1050 | D:2      | Gained mutation: A meltable shield of frost defends you.
                  | (SH +4) [demonic ancestry]
  1050 | D:2      | Reached XP level 3. HP: 9/27 MP: 3/3
  1133 | D:2      | Found Jopon's Antique Weapon Emporium.
  1161 | D:2      | Quit the game

Illustrated notes

Levels and vault maps discovered:
D:1:      dpeg_arrival_round_c, layout_basic,
          shapermc_ecumenical_altar_totnotflames, st_stairs_8
D:2:      layout_basic, serial_shops, nicolae_diamond_shop, shop,
          nicolae_shop_real_fake_doors, uniq_crazy_yiuf_cottage

Skill      XL: |  1  2 |
---------------+-------+-----
Long Blades    | 3 4 |  4.0
Fighting       | |  2.0
Throwing       | |  1.7
Dodging        | |  2.6

Action                     || total
---------------------------++-------
  Melee: Long sword        ||   104
    Use: Scroll            ||     1
   Stab: Sleeping          ||     1
 Armour: Leather armour    ||    37
  Dodge: Dodged            ||   102
  Block: Other             ||     2
